 Dungeon Crawl Stone Soup version 0.27-a0-1177-g245c70e1c0 (webtiles) character file.

Game seed: 14417187256372123340

3 Glokmah the Charlatan (level 1, 0/15 HPs)
             Began as a Demonspawn Artificer on May 16, 2021.
             Frozen to death by an endoplasm (4 damage)
             ... on level 1 of the Dungeon.
             The game lasted 00:00:51 (222 turns).

Glokmah the Charlatan (Demonspawn Artificer)         Turns: 222, Time: 00:00:52

Health: 0/15       AC:  3    Str: 12    XL:     1   Next: 41%
Magic:  1/1        EV: 11    Int: 12    God:
Gold:   0          SH:  0    Dex: 13    Spells: 0/0 levels left

rFire    . . .     SeeInvis .   a - +0 club
rCold    . . .     Faith    .   (no shield)
rNeg     . . .     Spirit   .   b - +0 leather armour
rPois    .         Reflect  .   (no helmet)
rElec    .         Harm     .   (no cloak)
rCorr    .         Rampage  .   (no gloves)
Will     .....                  (no boots)
Stlth    +.........             (no amulet)
HPRegen  0.05/turn              (no ring)
MPRegen  0.07/turn              (no ring)

@: no status effects
A: no striking features
a: no special abilities


You were on level 1 of the Dungeon.
You visited 1 branch of the dungeon, and saw 1 of its levels.

Inventory:

Hand Weapons
 a - a +0 club (weapon)
Armour
 b - a +0 leather armour (worn)
Wands
 c - a wand of flame (15) (quivered)
 d - a wand of charming (15)
Scrolls
 f - a scroll of brand weapon {unknown}
 g - a scroll of noise {unknown}
Miscellaneous
 e - a piece from Xom's chessboard (14/15)


   Skills:
 + Level 1.1 Fighting
 + Level 1.8 Armour
 + Level 1.0 Dodging
 - Level 0.8 Stealth
 + Level 3.0 Evocations


You couldn't memorise any spells.
You didn't know any spells.
Your spell library was empty.

Dungeon Overview and Level Annotations

Branches:
Dungeon (1/15)

Altars:


Message History

The hobgoblin is almost dead.
The hobgoblin hits you.
You hit the hobgoblin.
You kill the hobgoblin!
Your Dodging skill increases to level 1!
g - a scroll labelled AZATREI EWKYIFIE A frilled lizard comes into view.
Found 10 gold pieces.
A bat and an endoplasm come into view.
The frilled lizard barely misses you.
Found an escape hatch in the floor.
There is an open door here.
You miss the frilled lizard. The bat closely misses you. x3
The frilled lizard closely misses you.
You hit the frilled lizard.
You kill the frilled lizard!
The bat hits you but does no damage.
Sorry, you're not good enough to have a special ability.
Unknown command.
Sorry, you're not good enough to have a special ability.
You make a move on Xom's chessboard...
The endoplasm twists and deforms.
The bat closely misses you. The bat hits you but does no damage.
You barely miss the bat. The bat barely misses you. The endoplasm freezes you.
You are frozen.
* * * LOW HITPOINT WARNING * * *
The bat hits you but does no damage. The endoplasm hits you.
* * * LOW HITPOINT WARNING * * *
The bat completely misses you. The bat completely misses you.
The bat closely misses you. The bat barely misses you.
The bat barely misses you.
You miss the bat. The bat hits you but does no damage.
The bat barely misses you. The bat closely misses you.
The endoplasm barely misses you.
You miss the bat. The bat hits you but does no damage.
The endoplasm freezes you.
You are frozen.
You die...

###########################
.#.##...##.....##..........
#..#.##....#....#...#......
.#.#..†#....##....##.......
.###.#.......#...#.........
#...#..#...#...............
####.#...#..#..##....####.
##.#..##.....@...## ##
#.##......##..J..#>##$ . #.
..#...#..#....##.†# ...
#...#..##...#...##'#...#
#......#...#........#
##.##.......#.......#
#..##...#........# .#.
#....#......... #
.................


You could see an endoplasm (misshapen).

Vanquished Creatures
  A hobgoblin (D:1)
  A jackal (D:1)
  A frilled lizard (D:1)
3 creatures vanquished.

Notes
Turn   | Place    | Note
-------+----------+-------------------------------------------
     0 | D:1      | Glokmah the Demonspawn Artificer began the quest for the
                  | Orb.
     0 | D:1      | Reached XP level 1. HP: 15/15 MP: 1/1
   203 | D:1      | Reached skill level 1 in Dodging
   222 | D:1      | Frozen to death by an endoplasm

Illustrated notes

Levels and vault maps discovered:
D:1:      erik_arrival_cave_to_civilisation [erik_arrival_cave_to_hall],
          layout_basic, serial_rivers, chequers_serial_rivers_micro_c,
          chequers_serial_rivers_micro_a, chequers_serial_rivers_marsh,
          chequers_serial_rivers_room_b, serial_shops, shop, st_stairs_3,
          hex_intersection, minmay_pentomino_u4

Skill      XL: |  1 |
---------------+----+-----
Dodging        | 1 |  1.0
Fighting       | |  1.1
Armour         | |  1.8
Stealth        | |  0.8
Evocations     | |  3.0

Action                   || total
-------------------------++-------
Melee: Club              ||    15
Evoke: Piece from Xom's  ||     1
Armor: Leather armour    ||     9
Dodge: Dodged            ||    18

Table legend: (Time is in decaauts)
 A = Elapsed time spent in this place.
 B = Non-inter-level travel time spent in this place.
 C = Inter-level travel time spent in this place.
 D = Time resting spent in this place.
 E = Time spent auto-exploring this place.
 F = Levels seen in this place.
 G = Mean time per level.
                   A        B        C        D        E       F      G
               +--------+--------+--------+--------+--------+-----+--------+
         Total |    226 |    226 |      0 |      0 |    160 |   1 |  226.0 |
       Dungeon |    226 |    226 |      0 |      0 |    160 |   1 |  226.0 |
               +--------+--------+--------+--------+--------+-----+--------+

Top non-repeatable levels by time:
     D:1: 226 daAuts
